 Dungeon Crawl Stone Soup version 0.30-a0-1085-g990a428a5c (webtiles) character file.

Game seed: 17191292814164718652

51 Darkkill the Shooter (level 3, 0/31 HPs)
             Began as a Minotaur Hunter on Apr 16, 2023.
             Slain by a water moccasin zombie (4 damage)
             ... in an ossuary.
             The game lasted 00:04:46 (1712 turns).

Darkkill the Shooter (Minotaur Hunter)              Turns: 1712, Time: 00:04:46

Health: 0/31       AC:  3    Str: 15    XL:     3   Next: 58%
Magic:  2/2        EV: 12    Int:  6    God:
Gold:   120        SH:  0    Dex: 15    Spells: 2/2 levels left

rFire   . . .      SeeInvis .    a - +0 shortbow
rCold   . . .      Faith    .    (shield currently unavailable)
rNeg    . . .      Spirit   .    c - +0 leather armour
rPois   .          Reflect  .    (helmet restricted)
rElec   .          Rampage  .    (no cloak)
rCorr   .                        (no gloves)
Will    .....                    (no boots)
Stlth   ++                       (no amulet)
HPRegen 0.25/turn                (no ring)
MPRegen 0.08/turn                (no ring)

@: no status effects
A: horns 2, retaliatory headbutt
a: no special abilities


You were in an ossuary.
You visited 1 branch of the dungeon, and saw 4 of its levels.
You also visited: Ossuary.

You collected 120 gold pieces.

Inventory:

Hand Weapons
 a - a +0 shortbow (weapon)
 b - the +5 quarterstaff "Ytirphe" {freeze, Str-4 Int+4 Dex+7}
   (You found it on level 2 of the Dungeon)

   Str:       It affects your strength (-4).
   Int:       It affects your intelligence (+4).
   Dex:       It affects your dexterity (+7).
Missiles
 f - 30 stones
Armour
 c - a +0 leather armour (worn)
Wands
 o - a wand of light (5)
Scrolls
 e - 3 scrolls of enchant armour {unknown}
 q - a scroll of immolation
Potions
 d - a potion of lignification {unknown}
 g - a potion of attraction {unknown}
 i - a potion of haste
 j - 2 potions of resistance
 k - 2 potions of mutation {unknown}
 m - a potion of might {unknown}
 r - a potion of cancellation {unknown}


   Skills:
 + Level 3.2 Fighting
 + Level 4.8 Ranged Weapons
 + Level 2.8 Dodging
 + Level 1.6 Stealth


You had 2 spell levels left.
You didn't know any spells.
Your spell library contained the following spells:

 Spells                   Type           Power      Damage    Failure   Level
 Kiss of Death            Conj/Necr      0%         2d5       52%         1
 Magic Dart               Conj           0%         1d3       52%         1
 Call Imp                 Summ           0%         N/A       67%         2
 Confusing Touch          Hex            0%         N/A       88%         3
 Mephitic Cloud           Conj/Pois/Air  0%         N/A       88%         3
 Dispel Undead            Necr           0%         3d6       99%         4


Dungeon Overview and Level Annotations

Branches:
Dungeon (4/15)            Ossuary (1/1)
 Temple: D:4-7

Altars:
Nemelex Xobeh


Innate Abilities, Weirdness & Mutations

You have a pair of horns on your head.
You reflexively headbutt those who attack you in melee.


Message History

You shoot an arrow. The arrow hits the hobgoblin zombie.
The hobgoblin zombie is heavily damaged.
The hobgoblin zombie barely misses you.
There are monsters nearby!
You shoot an arrow. The arrow hits the hobgoblin zombie!
You destroy the hobgoblin zombie!
The orc zombie hits you but does no damage.
You shoot an arrow. The arrow barely misses the orc zombie.
The orc zombie barely misses you.
The orc zombie hits you but does no damage.
You shoot an arrow. The arrow hits the orc zombie.
You destroy the orc zombie!
There is an open door here.
You open the door.
There is an open door here.
You open the door.
An orc zombie, a water moccasin zombie and 2 gnoll zombies come into view.
The water moccasin zombie bites you.
You shoot an arrow.
The arrow hits the water moccasin zombie.
The water moccasin zombie is lightly damaged.
The water moccasin zombie bites you.
You shoot an arrow.
The arrow closely misses the water moccasin zombie.
The arrow barely misses the gnoll zombie.
The water moccasin zombie bites you.
You shoot an arrow.
The arrow hits the water moccasin zombie but does no damage.
The water moccasin zombie is lightly damaged.
The water moccasin zombie bites you! The water moccasin zombie bites you.
You shoot an arrow.
The arrow barely misses the water moccasin zombie.
The arrow hits the gnoll zombie!
The gnoll zombie is heavily damaged.
The water moccasin zombie closely misses you.
The water moccasin zombie barely misses you.
You shoot an arrow.
The arrow closely misses the water moccasin zombie.
The arrow hits the gnoll zombie.
The gnoll zombie is almost destroyed.
The water moccasin zombie bites you.
You shoot an arrow.
The arrow closely misses the water moccasin zombie.
The arrow hits the gnoll zombie!
You destroy the gnoll zombie!
The water moccasin zombie closely misses you.
The water moccasin zombie barely misses you.
You furiously retaliate!
You headbutt the water moccasin zombie. You shoot an arrow.
The arrow hits the water moccasin zombie.
The water moccasin zombie is moderately damaged.
The water moccasin zombie bites you.
* * * LOW HITPOINT WARNING * * *
You shoot an arrow.
The arrow closely misses the water moccasin zombie.
The arrow completely misses the gnoll zombie.
The water moccasin zombie misses you. You furiously retaliate!
You headbutt the water moccasin zombie. The water moccasin zombie bites you.
* * * LOW HITPOINT WARNING * * *
You feel better.
The water moccasin zombie bites you but does no damage.
You feel better.
The water moccasin zombie closely misses you.
You feel better. The water moccasin zombie bites you.
Fire: a) +0 shortbow
Press: ? - help, Q - select action, (/) - cycle Shift-Dir - straight line, f/p - water moccasin zombie
Aim: a water moccasin zombie (moderately damaged, 62% to hit)
You shoot an arrow.
The arrow barely misses the water moccasin zombie.
The arrow hits the gnoll zombie!
The gnoll zombie is heavily damaged.
The water moccasin zombie bites you.
The water moccasin zombie bites you but does no damage.
Fire: a) +0 shortbow
Press: ? - help, Q - select action, (/) - cycle Shift-Dir - straight line, f/p - water moccasin zombie
Aim: a water moccasin zombie (moderately damaged, 62% to hit)
You shoot an arrow.
The arrow barely misses the water moccasin zombie.
The arrow hits the gnoll zombie.
The gnoll zombie is severely damaged.
The water moccasin zombie bites you but does no damage.
The water moccasin zombie bites you.
Fire: a) +0 shortbow
Press: ? - help, Q - select action, (/) - cycle Shift-Dir - straight line, f/p - water moccasin zombie
Aim: a water moccasin zombie (moderately damaged, 62% to hit)
You shoot an arrow.
The arrow hits the water moccasin zombie!
The water moccasin zombie is heavily damaged.
The water moccasin zombie bites you.
Fire: a) +0 shortbow
Press: ? - help, Q - select action, (/) - cycle Shift-Dir - straight line, f/p - water moccasin zombie
Aim: a water moccasin zombie (heavily damaged, 62% to hit)
You shoot an arrow.
The arrow barely misses the water moccasin zombie.
The arrow hits the gnoll zombie!
You destroy the gnoll zombie!
The water moccasin zombie bites you!
* * * LOW HITPOINT WARNING * * *
The water moccasin zombie bites you.
You die...

### ##############
#...#....#...#...#
+..ZZ@...#...#...#
#...#....'...'...#
### ##########'###
#...# #...# #...#
#...# ###'# #...#


You could see a water moccasin zombie and an orc zombie.

Vanquished Creatures
  An adder zombie (Ossuary)
  3 dart slugs
  4 ball pythons
  3 endoplasms
  2 giant cockroaches (D:2)
  3 gnoll zombies (Ossuary)
  6 goblins (D:2)
  A hobgoblin (D:2)
  A jackal (D:2)
  3 bats
  2 frilled lizards
  2 hobgoblin zombies (Ossuary)
  4 kobolds
  3 orc zombies (Ossuary)
  4 rats (D:1)
42 creatures vanquished.

Notes
Turn   | Place    | Note
-------+----------+-------------------------------------------
     0 | D:1      | Darkkill the Minotaur Hunter began the quest for the Orb.
     0 | D:1      | Reached XP level 1. HP: 18/18 MP: 0/0
   204 | D:1      | Reached skill level 1 in Stealth
   297 | D:1      | Reached XP level 2. HP: 25/25 MP: 1/1
   856 | D:2      | Found a faded altar of an unknown god.
   943 | D:2      | Found a sparkling altar of Nemelex Xobeh.
  1022 | D:2      | Reached XP level 3. HP: 31/31 MP: 2/2
  1077 | D:2      | Identified the +5 quarterstaff "Ytirphe" {freeze, Str-4
                  | Int+4 Dex+7}
  1613 | D:3      | You fall into a shaft and drop 1 floor!
  1615 | D:4      | Found a sand-covered staircase.
  1630 | D:4      | Noticed a scorpion
  1635 | Ossuary  | Entered an ossuary
  1704 | Ossuary  | HP: 5/31 [water moccasin zombie (6)]
  1705 | Ossuary  | HP: 1/31 [water moccasin zombie (4)]
  1712 | Ossuary  | HP: 4/31 [water moccasin zombie (7)]
  1712 | Ossuary  | Slain by a water moccasin zombie

Illustrated notes

Levels and vault maps discovered:
D:1:      giann_horns, layout_basic
D:2:      layout_basic, basic_altar, chequers_ecumenical_altar_island,
          minmay_vboxes
D:3:      layout_basic, trog_butcher_becter
D:4:      nicolae_cairo_tiling_very_big, layout_basic, portal_sewer_entry_f,
          nicolae_ossuary_entry_false_entrances, item_on_display_a
Ossuary:  ossuary_tomb_2

Skill      XL: |  1  2 |
---------------+-------+-----
Stealth        | 1 |  1.6
Fighting       | 3 |  3.2
Ranged Weapons | |  4.8
Dodging        | |  2.8

Action                     || total
---------------------------++-------
   Fire: Shortbow          ||   110
    Use: Scroll            ||     6
         Potion            ||     3
 Armour: Leather armour    ||    16
  Dodge: Dodged            ||    21

Table legend: (Time is in decaauts)
 A = Elapsed time spent in this place.
 B = Non-inter-level travel time spent in this place.
 C = Inter-level travel time spent in this place.
 D = Time resting spent in this place.
 E = Time spent auto-exploring this place.
 F = Levels seen in this place.
 G = Mean time per level.
                   A        B        C        D        E       F      G
               +--------+--------+--------+--------+--------+-----+--------+
         Total |   1753 |   1541 |    212 |    100 |   1187 |   5 |  350.6 |
       Dungeon |   1666 |   1454 |    212 |    100 |   1165 |   4 |  416.5 |
       Ossuary |     86 |     86 |      0 |      0 |     22 |   1 |   86.0 |
               +--------+--------+--------+--------+--------+-----+--------+

Top non-repeatable levels by time:
     D:2: 860 daAuts
     D:1: 763 daAuts
 Ossuary: 86 daAuts
     D:4: 21 daAuts
     D:3: 20 daAuts

Table legend:
 A = Kills in this place as a percentage of kills in the entire game.
 B = Kills by you in this place as a percentage of kills by you in the entire game.
 C = Kills by friends in this place as a percentage of kills by friends in the entire game.
 D = Other kills in this place as a percentage of other kills in the entire game.
 E = Experience gained in this place as a percentage of experience gained in the entire game.
 F = Experience gained in this place divided by the number of levels of this place that you have seen.
                   A       B       C       D       E      F
               +-------+-------+-------+-------+-------+----------------------
         Total | 100.0 | 100.0 |   N/A |   N/A | 100.0 |  15.2
       Dungeon |  78.6 |  78.6 |   N/A |   N/A |  77.6 |  14.8
       Ossuary |  21.4 |  21.4 |   N/A |   N/A |  22.4 |  17.0
               +-------+-------+-------+-------+-------+----------------------
